AoeStats
← AxD | Cad Bane

Arena

506767425Analyzed
4v4 RM · 18d ago on Sep 15, 2026· 102m 23s· 8 players
Game mode
Random Map
Map size
Large (8 player)
Population
200
Speed
Normal
Resources
Standard
Victory
Conquest
Starting age
Dark Age
Ending age
Imperial Age
RankedLock teamsTeams togetherTeam positionsShared explorationLock speedFull tech treeHidden civsTurbo modeCheats
Victory
Defeat
🇨🇱 Slavs · Chile
1664
+14
🇸🇻 Cumans · El Salvador
1624
+16
🇦🇷 Italians · Argentina
1571
+18
🇦🇷 Bohemians · Argentina
1562
+18
🇨🇳 Magyars · China
1750
-21
🇮🇳 Goths · India
1703
-20
🇩🇪 Burmese · Germany
1584
-15
软脚虾5号(p6有机会获得妙卡奶牛)
5:58 Loom
8:45 Feudal Age
10:09 Fletching
13:51 Double-Bit Axe
19:21 Town Watch
22:48 Castle Age
21:00 Horse Collar
22:14 Gold Mining
22:14 Stone Mining
23:27 Bodkin Arrow
23:58 Guard Tower
26:01 Bow Saw
28:18 Wheelbarrow
28:21 Heavy Plow
29:56 Ballistics
31:24 Hand Cart
34:34 Gold Shaft Mining
38:09 Imperial Age
36:48 Padded Archer Armor
36:30 Treadmill Crane
37:02 Masonry
37:03 Bloodlines
36:53 Husbandry
37:35 Thumb Ring
38:13 Leather Archer Armor
38:12 Heavy Cavalry Archer
39:17 Parthian Tactics
38:57 Bracer
39:35 Conscription
40:29 Chemistry
39:24 Light Cavalry
40:40 Ring Archer Armor
40:16 Scale Barding Armor
41:19 Siege Engineers
42:01 Coinage
41:38 Hussar
42:57 Chain Barding Armor
42:47 Forging
43:18 Banking
44:14 Plate Barding Armor
43:49 Forging
46:30 Iron Casting
49:12 Blast Furnace
49:19 Heavy Camel Rider
53:32 Caravan
77:03 Fortified Wall
88:10 Capped Ram
89:51 Elite Skirmisher
95:39 Two-Man Saw
AticAtac
10:21 Feudal Age
14:23 Castle Age
13:02 Horse Collar
15:26 Heavy Plow
20:26 Wheelbarrow
23:43 Hand Cart
24:00 Gold Mining
25:45 Gold Shaft Mining
28:41 Imperial Age
25:57 Loom
26:59 Scale Mail Armor
27:13 Forging
26:55 Stone Mining
28:00 Chain Mail Armor
28:11 Man-at-Arms
29:34 Masonry
30:27 Chemistry
29:59 Crop Rotation
30:01 Plate Mail Armor
28:52 Long Swordsman
29:33 Squires
30:43 Iron Casting
29:28 Two-Handed Swordsman
29:55 Gambesons
30:10 Town Watch
30:17 Champion
32:59 Siege Engineers
33:32 Conscription
33:08 Pikeman
33:34 Arson
34:30 Ballistics
35:13 Blast Furnace
34:04 Fletching
35:54 Coinage
37:20 Banking
36:56 Heavy Scorpion
40:34 Masonry
40:05 Treadmill Crane
40:58 Bodkin Arrow
42:15 Halberdier
49:49 Architecture
51:52 Caravan
52:18 Guard Tower
52:19 Treadmill Crane
54:48 Bracer
65:28 Guilds
Dark_Shelly
11:29 Feudal Age
12:15 Double-Bit Axe
15:04 Castle Age
13:48 Horse Collar
16:11 Bow Saw
16:40 Scale Mail Armor
21:03 Loom
31:12 Gold Mining
31:13 Stone Mining
33:19 Town Watch
33:33 Fletching
33:54 Forging
33:08 Pikeman
34:49 Squires
35:05 Chain Mail Armor
35:12 Bodkin Arrow
35:53 Iron Casting
41:18 Imperial Age
44:30 Imperial Age
46:07 Halberdier
47:48 Blast Furnace
50:38 Man-at-Arms
51:21 Long Swordsman
53:50 Conscription
53:42 Two-Handed Swordsman
57:44 Wheelbarrow
71:59 Hand Cart
74:02 Caravan
95:11 Heavy Plow
98:24 Guilds
小白
10:38 Feudal Age
14:11 Castle Age
12:38 Double-Bit Axe
12:57 Horse Collar
15:10 Bow Saw
16:57 Loom
18:58 Bow Saw
21:47 Scale Barding Armor
25:05 Wheelbarrow
24:32 Heavy Plow
25:05 Husbandry
25:48 Bloodlines
29:38 Chain Barding Armor
32:08 Imperial Age
30:01 Corvinian Army
33:13 Chain Barding Armor
33:15 Conscription
34:33 Plate Barding Armor
34:53 Elite Magyar Huszar
36:02 Hand Cart
36:56 Fletching
37:11 Recurve Bow
37:35 Bodkin Arrow
38:18 Ballistics
38:44 Bracer
39:46 Chemistry
39:26 Thumb Ring
40:14 Parthian Tactics
40:18 Padded Archer Armor
42:19 Two-Man Saw
41:06 Heavy Cavalry Archer
42:02 Leather Archer Armor
43:30 Ring Archer Armor
75:52 Caravan
77:08 Light Cavalry
77:20 Elite Skirmisher
81:01 Crop Rotation
95:47 Coinage
98:08 Banking
AxD | Cad Bane
10:45 Feudal Age
14:32 Castle Age
13:51 Double-Bit Axe
13:47 Horse Collar
19:29 Bow Saw
22:55 Wheelbarrow
22:49 Gold Mining
22:49 Stone Mining
25:57 Hand Cart
25:27 Loom
26:32 Scale Barding Armor
26:38 Forging
29:48 Imperial Age
26:46 Pikeman
28:39 Squires
28:40 Scale Mail Armor
29:16 Iron Casting
29:37 Chain Mail Armor
29:56 Halberdier
30:04 Capped Ram
30:49 Druzhina
31:30 Conscription
31:26 Man-at-Arms
32:56 Plate Mail Armor
33:26 Blast Furnace
32:38 Heavy Plow
32:40 Long Swordsman
33:26 Two-Handed Swordsman
34:34 Siege Ram
34:47 Champion
35:50 Town Watch
39:11 Gold Shaft Mining
41:29 Crop Rotation
41:53 Detinets
43:01 Two-Man Saw
42:05 Heavy Scorpion
43:06 Fortified Wall
43:57 Chemistry
45:12 Ballistics
50:04 Chain Barding Armor
49:42 Light Cavalry
50:33 Bloodlines
51:06 Husbandry
52:49 Hussar
54:14 Plate Barding Armor
57:59 Caravan
65:48 Fletching
69:33 Hoardings
69:30 Bodkin Arrow
89:11 Siege Engineers
89:17 Masonry
102:57 Coinage
AxD | Kurumi 002
8:17 Feudal Age
9:04 Double-Bit Axe
13:06 Horse Collar
19:34 Castle Age
17:32 Loom
20:33 Bow Saw
20:24 Heavy Plow
24:03 Wheelbarrow
24:22 Light Cavalry
25:16 Bloodlines
26:23 Hand Cart
27:53 Scale Barding Armor
27:59 Forging
27:57 Gold Mining
29:11 Chain Barding Armor
29:40 Gold Shaft Mining
31:50 Imperial Age
30:21 Iron Casting
33:11 Plate Barding Armor
31:57 Cavalier
34:30 Blast Furnace
33:36 Paladin
34:05 Light Cavalry
36:49 Hussar
38:06 Town Watch
39:25 Two-Man Saw
38:57 Crop Rotation
38:19 Stone Mining
41:25 Masonry
43:08 Conscription
42:53 Steppe Husbandry
43:29 Hoardings
52:29 Padded Archer Armor
52:20 Fletching
52:57 Elite Skirmisher
53:42 Thumb Ring
53:55 Leather Archer Armor
54:04 Ballistics
56:11 Bodkin Arrow
56:47 Ring Archer Armor
57:26 Chemistry
66:07 Murder Holes
76:44 Capped Ram
78:14 Caravan
77:43 Siege Ram
90:48 Caravan
Cronos
10:59 Feudal Age
15:05 Castle Age
15:01 Horse Collar
16:14 Double-Bit Axe
20:42 Fervor
22:02 Bow Saw
23:49 Wheelbarrow
28:03 Loom
28:36 Hand Cart
32:11 Imperial Age
30:43 Pikeman
31:27 Scale Mail Armor
32:48 Chemistry
32:01 Heavy Plow
32:06 Squires
32:16 Halberdier
34:39 Two-Man Saw
34:29 Conscription
35:01 Siege Engineers
36:16 Houfnice
38:51 Chain Mail Armor
38:46 Forging
41:27 Plate Mail Armor
41:33 Iron Casting
45:42 Blast Furnace
68:37 Masonry
69:36 Padded Archer Armor
69:26 Fletching
70:01 Ballistics
70:42 Bodkin Arrow
71:00 Elite Skirmisher
73:41 Bracer
76:14 Leather Archer Armor
82:56 Architecture
AxD | MatrixWars
8:02 Loom
10:39 Feudal Age
15:08 Castle Age
16:14 Loom
18:21 Double-Bit Axe
23:56 Town Watch
33:29 Bow Saw
33:00 Horse Collar
34:21 Wheelbarrow
34:32 Fortified Wall
39:17 Imperial Age
39:13 Fletching
39:58 Bodkin Arrow
41:06 Wheelbarrow
40:46 Bracer
43:44 Chemistry
42:42 Gold Mining
43:07 Padded Archer Armor
43:30 Ballistics
44:08 Leather Archer Armor
51:10 Gold Mining
51:10 Stone Mining
51:37 Hand Cart
52:31 Scale Mail Armor
52:35 Heavy Plow
53:32 Squires
53:18 Arson
54:22 Chain Mail Armor
56:01 Plate Mail Armor
56:22 Forging
58:40 Iron Casting
60:19 Scale Barding Armor
62:56 Crop Rotation
64:37 Blast Furnace
63:22 Elite Genoese Crossbowman
64:26 Conscription
65:27 Masonry
66:43 Silk Road
67:07 Caravan
67:40 Thumb Ring
79:41 Husbandry
82:17 Ring Archer Armor
83:06 Bloodlines
82:17 Light Cavalry
84:31 Scale Barding Armor
83:48 Hussar
88:21 Chain Barding Armor
89:44 Plate Barding Armor
96:24 Two-Man Saw
100:56 Pirotechnia
101:21 Architecture
Connection lost

Rejoining the realm…

Still unreachable

The connection could not be restored.

Session expired

The server has moved on; the page needs a fresh start.